 Dungeon Crawl Stone Soup version 0.30-a0-879-ga8ba668 (webtiles) character file.

Game seed: 6643464437605715026

1530 Dorkslayer the Trooper (level 8, 0/71 HPs)
             Began as a Hill Orc Fighter on Mar 13, 2023.
             Slain by Maggie the meliai (glowing shapeshifter) (2 damage)
             ... on level 6 of the Dungeon.
             The game lasted 00:10:36 (3199 turns).

Dorkslayer the Trooper (Hill Orc Fighter)           Turns: 3199, Time: 00:10:38

Health: 0/71       AC: 12    Str: 25 (27) XL:     8   Next: 85%
Magic:  8/8        EV:  9    Int:  7 (8)  God:
Gold:   173        SH:  4    Dex:  9 (10) Spells: 7/7 levels left

rFire   + . .      SeeInvis .    o - +3 demon trident (chaos)
rCold   . . .      Faith    .    c - +0 buckler
rNeg    . . .      Spirit   .    v - +0 chain mail
rPois   .          Reflect  .    g - +0 helmet
rElec   .          Rampage  .    p - +0 cloak
rCorr   .                        (no gloves)
Will    .....                    (no boots) Stlth
                                 b - amulet of regeneration
HPRegen 1.11/turn                y - +6 ring of strength
MPRegen 0.11/turn                l - ring of protection from fire

@: no status effects
A: no striking features
a: no special abilities


You were on level 6 of the Dungeon.
You visited 1 branch of the dungeon, and saw 7 of its levels.

You collected 173 gold pieces.

Inventory:

Hand Weapons
 a - a +0 war axe
 o - a +3 demon trident of chaos (weapon)
Armour
 c - a +0 buckler (worn)
 g - a +0 helmet (worn)
 p - a +0 cloak (worn)
 v - a +0 chain mail (worn)
Jewellery
 b - an amulet of regeneration (around neck)
 l - a ring of protection from fire (right hand)
 m - an amulet of magic regeneration
 y - a +6 ring of strength (left hand)
Wands
 d - a wand of iceblast (2)
Scrolls
 j - a scroll of fear
 k - a scroll of fog
 w - a scroll of teleportation
Potions
 f - a potion of berserk rage
 h - 2 potions of mutation
 i - a potion of degeneration
 n - a potion of ambrosia {unknown}
 q - a potion of brilliance
 s - a potion of flight {unknown}
 u - a potion of curing {unknown}
 x - a potion of heal wounds {unknown}
 A - a potion of haste {unknown}


   Skills:
 * Level 6.6 Fighting
 + Level 5.3(6.3) Axes
 * Level 4.3(5.2) Polearms
 * Level 5.9 Armour
 * Level 3.5 Dodging
 + Level 4.6 Shields
 * Level 3.2 Evocations


You had 7 spell levels left.
You didn't know any spells.
Your spell library contained the following spells:

 Spells                   Type           Power      Damage    Failure   Level
 Call Canine Familiar     Summ           0%         N/A       100%        3
 Gell's Gravitas          Tloc           0%         N/A       100%        3
 Portal Projectile        Hex/Tloc       0%         N/A       100%        3
 Teleport Other           Tloc           0%         N/A       100%        3
 Tukima's Dance           Hex            0%         N/A       100%        3
 Leda's Liquefaction      Hex/Erth       0%         N/A       100%        4
 Passage of Golubria      Tloc           0%         N/A       100%        4
 Yara's Violent Unravell  Hex/Tmut       0%         3d3       100%        5
 Dispersal                Tloc           0%         N/A       100%        6


Dungeon Overview and Level Annotations

Branches:
Dungeon (7/15)             Temple (0/1) D:5

Altars:
Cheibriados
Hepliaklqana
Trog

Shops:
D:1 (

Annotations:
D:5 Eustachio
D:6 Maggie


Message History

The blast of flame hits you! You resist.
Unknown command.
Aiming: Iceblast
Press: ? - help, Shift-Dir - straight line, f/p - Maggie
Aim: Maggie the lindwurm shaped shifter (heavily wounded)
The mass of ice explodes!
The iceblast engulfs Maggie!
Maggie is severely wounded.
The iceblast engulfs the gnoll!
You kill the gnoll!
You hit Maggie.
Maggie is severely wounded.
Maggie bites you! Maggie claws you but does no damage.
Maggie barely misses you.
A gnoll comes into view. It is wielding a +0 halberd.
You barely miss Maggie.
Maggie is severely wounded.
Maggie the lindwurm changes into a culicivora!
The gnoll hits you from afar with a +0 halberd!
* * * LOW HITPOINT WARNING * * *
You hit Maggie. You freeze Maggie.
Maggie is lightly wounded.
The gnoll closely misses you. You block Maggie's attack.
Maggie attacks as you move away! Maggie bites you!
* * * LOW HITPOINT WARNING * * *
Maggie draws strength from your injuries!
An orc wizard comes into view. It is wielding a +0 dagger.
Maggie the culicivora changes into a meliai!
Found a stone staircase leading up.
The orc wizard points at you and mumbles some strange words.
The puff of flame hits you. You resist.
* * * LOW HITPOINT WARNING * * *
Maggie hits you but does no damage. Maggie stings you.
* * * LOW HITPOINT WARNING * * *
It was a potion of degeneration.
There was something very wrong with that liquid.
You feel weakened.
You feel dopey.
You feel clumsy.
Maggie smiles, but it's obviously fake.
Maggie hits you but does no damage. Maggie stings you but does no damage.
Maggie closely misses you. Maggie stings you.
You die...

..## # . ...##. ..
#..... ... ... .#
.... #.# .#
...!.#####.# .#
...?.)..).o##.###.##
.....##g.ogy@....<..
... #.#######.#..#
.#### ##### #.# ..
#..... #.>.# ##.# ..
......
#...###..####.. #.
.... #.............#
#.##...
#...###.#######
....####. #...# #.#
#........ ##### #.#
#>..#


You could see Maggie the meliai shaped shifter, an orc wizard, 2 gnolls and an
orc.

Vanquished Creatures
  The ghost of AnyaLaVert the Chopper, an amateur HOFi (D:4)
  Grinder (D:4)
  Sigmund (D:2)
  Menkaure (D:4)
  A water moccasin (D:6)
  A sky beast (D:6)
  An ogre (D:6)
  2 scorpions (D:4)
  2 jellies (D:6)
  Crazy Yiuf (D:4)
  A hound (D:6)
  An iguana (D:6)
  Natasha (thrice) (D:3)
  4 gnolls
  10 adders
  A white imp (D:6)
  A worm (D:2)
  4 dart slugs
  6 orcs
  7 ball pythons
  4 endoplasms
  4 giant cockroaches
  8 goblins
  6 hobgoblins
  4 jackals
  2 quokkas
  A bat (D:1)
  3 frilled lizards
  4 kobolds
  10 rats
96 creatures vanquished.

Vanquished Creatures (others)
  2 fungi (D:6)
2 creatures vanquished.

Grand Total: 98 creatures vanquished

Notes
Turn   | Place    | Note
-------+----------+-------------------------------------------
     0 | D:1      | Dorkslayer the Hill Orc Fighter began the quest for the
                  | Orb.
     0 | D:1      | Reached XP level 1. HP: 19/19 MP: 1/1
   199 | D:1      | Reached XP level 2. HP: 27/27 MP: 2/2
   453 | D:1      | Reached skill level 4 in Fighting
   495 | D:1      | Reached XP level 3. HP: 33/33 MP: 3/3
   539 | D:1      | Found Mirouteb's Weapon Shoppe.
   928 | D:2      | Reached skill level 1 in Dodging
  1064 | D:2      | Reached XP level 4. HP: 25/40 MP: 4/4
  1309 | D:2      | Noticed Sigmund
  1316 | D:2      | Killed Sigmund
  1317 | D:2      | Reached skill level 1 in Polearms
  1317 | D:2      | Reached XP level 5. HP: 39/47 MP: 5/5
  1317 | D:2      | Reached XP level 6. HP: 46/55 MP: 6/6
  1320 | D:2      | Found a faded altar of an unknown god.
  1701 | D:3      | Found a snail-covered altar of Cheibriados.
  1705 | D:3      | Found a bloodstained altar of Trog.
  1709 | D:3      | Noticed Natasha
  1722 | D:3      | Killed Natasha
  1723 | D:3      | Reached skill level 5 in Fighting
  1805 | D:3      | Noticed Natasha
  1809 | D:3      | Killed Natasha
  1998 | D:3      | Noticed Natasha
  2004 | D:3      | Killed Natasha
  2094 | D:4      | Noticed Grinder
  2104 | D:4      | Reached skill level 1 in Evocations
  2104 | D:4      | Reached XP level 7. HP: 46/61 MP: 7/7
  2104 | D:4      | Paralysed by Grinder for 5 turns
  2121 | D:4      | Killed Grinder
  2247 | D:4      | Noticed AnyaLaVert's ghost (amateur HOFi)
  2272 | D:4      | Reached skill level 5 in Armour
  2276 | D:4      | Noticed Menkaure
  2285 | D:4      | Killed Menkaure
  2324 | D:4      | Found a runed translucent gate.
  2325 | D:4      | Found a runed translucent gate.
  2326 | D:4      | Found a runed translucent gate.
  2373 | D:4      | Found a runed translucent door.
  2374 | D:4      | Noticed Crazy Yiuf
  2382 | D:4      | Killed Crazy Yiuf
  2383 | D:4      | Reached XP level 8. HP: 68/70 MP: 8/8
  2526 | D:4      | Found a hazy altar of Hepliaklqana.
  2772 | D:4      | Killed AnyaLaVert's ghost
  2773 | D:4      | Reached skill level 6 in Fighting
  2894 | D:5      | Entered Level 5 of the Dungeon
  2943 | D:5      | Noticed Eustachio
  2949 | D:5      | You fall into a shaft and drop 2 floors!
  3091 | D:6      | Reached skill level 5 in Axes
  3165 | D:6      | Noticed Maggie
  3172 | D:6      | Maggie changed into Maggie the glowing shapeshifter
  3172 | D:6      | Noticed Maggie (glowing shapeshifter)
  3172 | D:6      | Maggie the glowing shapeshifter changed into Maggie the
                  | deep troll
  3172 | D:6      | Noticed Maggie (glowing shapeshifter)
  3176 | D:6      | Noticed Maggie
  3178 | D:6      | Maggie the glowing orange brain changed into Maggie the
                  | swamp dragon
  3178 | D:6      | Noticed Maggie (glowing shapeshifter)
  3184 | D:6      | Maggie the swamp dragon changed into Maggie the orb spider
  3184 | D:6      | Noticed Maggie (glowing shapeshifter)
  3188 | D:6      | Maggie the orb spider changed into Maggie the lindwurm
  3188 | D:6      | Noticed Maggie (glowing shapeshifter)
  3193 | D:6      | Maggie the lindwurm changed into Maggie the culicivora
  3193 | D:6      | Noticed Maggie (glowing shapeshifter)
  3195 | D:6      | HP: 2/71 [Maggie the culicivora (glowing shapeshifter)
                  | (17)]
  3195 | D:6      | Maggie the culicivora changed into Maggie the meliai
  3195 | D:6      | Noticed Maggie (glowing shapeshifter)
  3199 | D:6      | Slain by Maggie the meliai (glowing shapeshifter)

Illustrated notes

Levels and vault maps discovered:
D:1:      lightli_arrival_maybe_door_vault, layout_basic, serial_shops, shop
D:2:      layout_rooms, hellmonk_ecumenical_altar_inner_sanctum,
          minmay_circled_x, uniq_sigmund
D:3:      layout_basic, grunt_temple_overflow_open, st_stairs_3, uniq_natasha
D:4:      layout_cave_pools, mainiacjoe_overflow_small_starburst,
          gammafunk_ghost_split, uniq_menkaure, uniq_grinder,
          uniq_crazy_yiuf_cottage
D:5:      layout_loops_ring, nicolae_overflow_hidden_temple,
          minmay_temple_entry_from_below_b, uniq_eustachio
D:6:      layout_rooms, portal_sewer_entry_f, dreamdust_gnoll_farm, uniq_maggie
D:7:      lemuel_insect_pit, layout_basic, nicolae_wu_jian_wuxing_cycle,
          nicolae_zen_rock_garden, chequers_serial_rivers_small_3,
          nicolae_shop_vocational, uniq_pikel, uniq_duvessa

Skill      XL: |  1  2  3  4  5  6  7  8 |
---------------+-------------------------+-----
Axes           | 3 4 5 |  5.3
Fighting       | 4 5 6 |  6.6
Dodging        | 1 2 3 |  3.5
Polearms       | 1 2 3 4 |  4.3
Armour         | 4 5 |  5.9
Shields        | 4 |  4.6
Evocations     | 1 2 3 |  3.2

Action                     |  1- 3 |  4- 6 |  7- 9 || total
---------------------------+-------+-------+-------++-------
  Melee: War axe           |    86 |     1 |       ||    87
         Demon trident     |       |    69 |   111 ||   180
  Evoke: Wand              |       |       |     5 ||     5
    Use: Potion            |       |     1 |     2 ||     3
         Scroll            |       |    10 |     5 ||    15
 Armour: Scale mail        |    47 |    15 |    19 ||    81
         Chain mail        |       |       |    23 ||    23
  Dodge: Dodged            |    33 |    23 |    58 ||   114
  Block: Buckler           |    19 |    11 |    19 ||    49

Table legend: (Time is in decaauts)
 A = Elapsed time spent in this place.
 B = Non-inter-level travel time spent in this place.
 C = Inter-level travel time spent in this place.
 D = Time resting spent in this place.
 E = Time spent auto-exploring this place.
 F = Levels seen in this place.
 G = Mean time per level.
                   A        B        C        D        E       F      G
               +--------+--------+--------+--------+--------+-----+--------+
         Total |   3253 |   3253 |      0 |    212 |   1367 |   7 |  464.7 |
       Dungeon |   3253 |   3253 |      0 |    212 |   1367 |   7 |  464.7 |
               +--------+--------+--------+--------+--------+-----+--------+

Top non-repeatable levels by time:
     D:1: 920 daAuts
     D:4: 809 daAuts
     D:2: 628 daAuts
     D:3: 588 daAuts
     D:7: 135 daAuts
     D:6: 116 daAuts
     D:5: 55 daAuts
